[Event "GER-ch Youth-ODJM 2022 A"]
[Site "Willingen"]
[Date "2022.06.10"]
[Round "8.17"]
[White "Reimer, Philip"]
[Black "Nguyen, Phuc Nhat"]
[Result "0-1"]
[ECO "D02"]
[WhiteElo "1977"]
[BlackElo "1809"]
[Annotator "TA"]
[PlyCount "88"]
[EventDate "2022.06.05"]
[EventType "swiss"]
[EventRounds "9"]
[EventCountry "GER"]
[SourceTitle "playchess.com"]
[Source "ChessBase"]
[SourceQuality "1"]
[TimeControl "40/4500+30:900+30"]

1. Nf3 {[%emt 0:00:00] ChessBase II} d5 2. d4 Nf6 3. g3 g6 4. Bg2 Bg7 5. c4 O-O 6. cxd5 Nxd5 7. e4 Nb6 8. O-O Bg4 $1 {[%emt 0:00:00] 8...Bg4 is better than 8...Nc6. D74: Fianchetto Grünfeld: Main Line (5 Nf3 0-0 6 cxd5 Nxd5 7 0-0).} 9. Be3 (9. d5 $11 {keeps the balance.}) 9... c5 $17 10. d5 Bxb2 {[%emt 0:09:31] Black is slightly better.} 11. Nbd2 {[%emt 0:00:09] [#]} Bxa1 $146 ({Predecessor:} 11... Bxf3 12. Nxf3 Bxa1 13. Qxa1 N8d7 14. Bh6 f6 15. Ng5 Rf7 16. Nxf7 Kxf7 17. f4 Nf8 18. Rd1 e6 {1-0 (18) Raizman,M-Paulus,J Charleville Mezieres 1952 EXT 2009 [ChessBase II]}) 12. Qxa1 f6 {[%emt 0:00:26] Prevents Ne5.} 13. Bxc5 Na6 14. Be3 Rc8 15. Bh6 Re8 {[%emt 0:01:48] Black continues to play with concentration.} 16. Re1 Nb4 {[%emt 0:03:23] [#] Threatens to win with ...Nc2.} 17. Qb1 (17. Rb1 $1 $15 Nc2 18. Qb2) 17... Nc2 18. Rc1 Na3 19. Qb2 Rxc1+ 20. Qxc1 Nb5 21. Qb2 Nd6 22. Nd4 (22. h3 $17 {is a better defense.} Bd7 23. Bf4) 22... Qc8 23. Bf1 Bd7 24. h4 (24. Bf4 {might work better.}) 24... Na4 $19 25. Qb1 Qc3 26. N2f3 (26. Nb5 $17 Nxb5 27. Bxb5) 26... Qb2 27. Qd3 (27. Qe1 Nf7 28. Bc1) 27... Nc5 28. Qe3 Ncxe4 29. h5 Qc3 30. Qe2 $2 (30. hxg6 hxg6 31. Bd3) 30... Bg4 {[%emt 0:00:24] Black is clearly winning.} 31. hxg6 hxg6 {[%emt 0:00:22] [#] ...g5 is the strong threat.} 32. Kh2 (32. Be3 $142) 32... Qxd4 33. Nxd4 Bxe2 34. Bxe2 Nxf2 35. Kg2 Nfe4 {[%emt 0:00:15] Hoping for ...g5.} 36. Be3 Rc8 37. g4 Nc3 38. Bd3 Nxd5 39. Bd2 Kf7 40. Kf3 e5 41. Nb3 f5 {[%emt 0:16:28] And now ...e4+ would win.} 42. gxf5 gxf5 {[%emt 0:00:04] White must now prevent ...e4+.} 43. Bb1 e4+ 44. Ke2 Nc3+ {[%emt 0:00:11] Weighted Error Value: White=0.63/Black=0.22 (precise)} 0-1

[Event "GER-ch Youth-ODJM 2022 A"]
[Site "Willingen"]
[Date "2022.06.10"]
[Round "8.18"]
[White "Herter, Arne"]
[Black "Metzinger, Hannes"]
[Result "0-1"]
[ECO "C84"]
[WhiteElo "1943"]
[BlackElo "1845"]
[Annotator "TA"]
[PlyCount "54"]
[EventDate "2022.06.05"]
[EventType "swiss"]
[EventRounds "9"]
[EventCountry "GER"]
[SourceTitle "playchess.com"]
[Source "ChessBase"]
[SourceQuality "1"]
[TimeControl "40/4500+30:900+30"]

1. e4 e5 2. Nf3 Nc6 3. Bb5 a6 4. Ba4 Nf6 5. O-O Be7 6. d3 b5 7. Bb3 Bb7 8. Nbd2 {[%emt 0:00:00] C84: Closed Ruy Lopez: Unusual White 6th moves.} O-O 9. Re1 d5 10. exd5 {[%emt 0:00:00] White is slightly better.} Nxd5 11. Nxe5 Nxe5 12. Rxe5 Nf4 13. Nf3 Nxg2 14. Kxg2 Qd7 15. h3 {[%emt 0:01:33] Against Qg4+} ({White should try} 15. Bf4 $1 $16 ) 15... a5 $1 $11 {[%emt 0:00:00][%mdl 1024] aiming for ...Bf6. Black has compensation.} 16. c4 Ra6 $1 17. d4 {[%emt 0:21:06][%cal Bd3d4,Bd4e5][%mdl 32] Threatens to win with Bc2.} (17. cxb5 Rg6+ 18. Kh2 a4 $17) 17... Rg6+ 18. Kh2 {[%emt 0:00:29] [#] Strongly threatening Be3.} (18. Kf1 Qxh3+ 19. Ke2 Bxf3+ 20. Kd2 Bb4+ 21. Kd3 Bxd1+ 22. Be3 Qf1+ 23. Ke4 Rg4+ 24. Bf4 Rxf4+ $1 25. Kd5 Qh1+ 26. f3 Qxf3+) 18... Bd6 $146 {[%emt 0:00:21] Black is more active.} (18... Rf6 $1 $17 19. Ne1 (19. d5 bxc4 20. Rxe7 Qxe7 $15) 19... Rxf2+ 20. Kg1 Rf6) ({Predecessor:} 18... Rf6 19. Re3 Bd6+ 20. Kg2 Rg6+ 21. Kf1 Qxh3+ 22. Ke2 Rg2 23. Bd2 Bg3 24. Be1 Bf4 {0-1 (33) Jolly,J (2376)-Gozzoli,Y (2529) La Massana 2014}) 19. Nh4 Qc6 {[%emt 0:24:22] ( -> ...Rg2+). The board is on fire.} 20. Qf1 {[%emt 0:10:12] Inhibits Rg2+.} (20. cxb5 $2 {gets mated.} Rg2+ 21. Kh1 {[#]} Rg1+ $3 22. Kxg1 Qh1#) 20... Bxe5+ (20... Qe4 $1 $11 {remains equal.} 21. Nxg6 hxg6 22. cxb5 Qxd4) 21. dxe5 $16 Qe4 22. Nxg6 hxg6 23. f4 (23. Bd1 $16) 23... Rd8 $11 {[%emt 0:00:08] White must now prevent ...a4.} (23... a4 $5 24. Bd1 Rd8 $11) 24. Qf2 $2 {[%emt 0:02:23][%mdl 8192] This costs White the game.} (24. cxb5 $11 a4 25. Bxa4 (25. Bc4 $2 Rd1 $19) 25... Qxa4 26. Be3) 24... Qh1+ 25. Kg3 Rd3+ {[%emt 0:00:09][%mdl 64] Skewer} 26. Be3 Qxa1 27. cxb5 $2 (27. Bc2 $19 Rd8 28. cxb5) 27... Qc1 {[%emt 0:00:44] Weighted Error Value: White=0.89/Black=0.17 (very precise)} 0-1

[Event "GER-ch Youth-ODJM 2022 A"]
[Site "Willingen"]
[Date "2022.06.10"]
[Round "8.19"]
[White "Zha, Kevin"]
[Black "Kamp, Adrian"]
[Result "0-1"]
[ECO "B22"]
[WhiteElo "1835"]
[BlackElo "1969"]
[Annotator "TA"]
[PlyCount "68"]
[EventDate "2022.06.05"]
[EventType "swiss"]
[EventRounds "9"]
[EventCountry "GER"]
[SourceTitle "playchess.com"]
[Source "ChessBase"]
[SourceQuality "1"]
[TimeControl "40/4500+30:900+30"]

1. e4 c5 2. c3 Qa5 3. Nf3 Nc6 4. Bc4 d6 5. O-O Nf6 6. Qb3 {[%emt 0:06:11] B22: Sicilian: 2 c3.} e6 7. d4 $1 Qc7 {[%emt 0:02:43] [#]} 8. Bd3 $146 {[%emt 0:10:51] White is slightly better.} (8. d5 $5 Na5 9. Qa4+ Kd8 10. Bg5 $14) ({Predecessor:} 8. Re1 a6 9. Qd1 b5 10. Bd3 cxd4 11. cxd4 Nb4 12. Nc3 Nxd3 13. Qxd3 b4 14. e5 {1-0 (36) Skalka,J (1737)-Balazec,L (1929) Stare Mesto 2016}) 8... d5 9. exd5 Nxd5 10. Be3 (10. Na3 $14) 10... Be7 $11 11. Na3 a6 12. Rac1 (12. Bd2 $11) 12... O-O (12... Nxe3 $15 13. fxe3 b5) 13. Qc2 g6 14. Bh6 Rd8 15. h4 (15. Be4 $11) 15... b5 (15... e5 $15) 16. h5 Nf4 17. hxg6 Nxg6 18. Rfe1 (18. Qe2 $1 $11) 18... c4 (18... Rd5 $15) 19. Bxg6 hxg6 20. Ng5 (20. Qe4 $11) 20... Bf8 ({Better is} 20... Rd5 $17 21. Qd2 e5) 21. Bxf8 Kxf8 22. Qe4 {[%emt 0:00:05] [#] And now Qh4 would win.} (22. Re4 $5 ) 22... Rb8 $2 (22... Kg7 $1 $15 {stays ahead.}) 23. Re3 Ne7 (23... Qe7 $142) 24. Rf3 (24. Qf3 Nf5 $11) (24. Rh3 $142) 24... Nf5 $18 25. Rh3 {[%emt 0:00:33] Black must now prevent Rh8+.} Nd6 $2 (25... Kg8 26. Rh7 Rd7) 26. Nh7+ $2 (26. Qe5) 26... Ke7 27. Qh4+ ({White should play} 27. Qf4 $18) 27... Kd7 $16 28. d5 (28. Nf6+ $16 Kc6 29. Qg5) 28... exd5 $11 29. Re1 ({Don't play} 29. Qd4 Kc6 30. Rf3 (30. Nf6 $2 Bxh3 31. Qxd5+ Kb6 $19) 30... Nf5 31. Qf6+ Rd6 $17) ({White should try} 29. Nc2 $1 $11 Kc6 30. Nb4+ Kb7 31. Nxd5) 29... Kc6 $36 {[%emt 0:00:35][%mdl 2048] Black has some pressure.} 30. Re7 Qb6 {[%emt 0:01:47] [#]} (30... Rd7 $15 31. Re1 Nf5 32. Qf6+ Rd6) 31. Nc2 $1 $11 {[%emt 0:00:09] Nb4+ would kill now.} Nf5 $1 32. Nb4+ (32. Qf6+ $11 Kc5 33. Rxf7 Qxf6 34. Nxf6 (34. Rxf6 Rb6 $11)) 32... Kc5 $15 {[%emt 0:00:11] Really sharp!} 33. Qf6 (33. Qf4 $15 Nxe7 34. Qd4+ Kd6 35. Qf4+ Kc5 36. Qd4+ Kd6 37. Qf4+ Kc5) 33... Qxf6 $19 34. Nxf6 Nxe7 {[%emt 0:00:17] What a bad dream for White.  Weighted Error Value: White=0.76/Black=0.38} 0-1

[Event "GER-ch Youth-ODJM 2022 A"]
[Site "Willingen"]
[Date "2022.06.10"]
[Round "8.20"]
[White "Fuchs, Florian"]
[Black "Paeslack, Luis"]
[Result "1/2-1/2"]
[ECO "B54"]
[WhiteElo "2320"]
[BlackElo "1889"]
[Annotator "TA"]
[PlyCount "64"]
[EventDate "2022.06.05"]
[EventType "swiss"]
[EventRounds "9"]
[EventCountry "GER"]
[SourceTitle "playchess.com"]
[Source "ChessBase"]
[SourceQuality "1"]
[TimeControl "40/4500+30:900+30"]

1. e4 c5 2. Nf3 d6 3. d4 cxd4 4. Nxd4 Nf6 5. f3 Nc6 6. c4 e6 7. Nc3 Be7 8. Be3 O-O 9. Be2 d5 10. cxd5 exd5 11. Nxc6 {[%emt 0:00:00] B55: Sicilian: 2...d6 3 d4 cxd4 4 Nxd4 Nf6 5 f3.} bxc6 12. exd5 Nxd5 13. Nxd5 cxd5 14. O-O Bf6 15. Bd4 Rb8 16. Qd2 Re8 17. Rfe1 a5 18. b3 {[%emt 0:16:37] [#]} h6 $146 ({Predecessor:} 18... Bxd4+ 19. Qxd4 {½-½ (19) Sonntag,H (2350)-Van der Stricht,G (2358) Belgium 2017}) 19. Rad1 Bf5 20. Bf1 {[%emt 0:06:38] And now Rxe8+ would win.} Rxe1 21. Qxe1 Bxd4+ 22. Rxd4 Qb6 23. Qf2 Be6 24. Ra4 {[%emt 0:06:06] Strongly threatening Qxb6.} Qc7 25. Qd2 Qc5+ (25... Rb4 {is more complex.} 26. Rxb4 axb4 27. Qxb4 Qa7+) 26. Qd4 Qxd4+ 27. Rxd4 Rb4 28. Rxb4 axb4 $11 {[%emt 0:00:04] KB-KB} 29. Bd3 Kf8 30. Kf2 Ke7 31. Ke3 Kd6 32. Kd4 f6 {[%emt 0:00:51] An interesting draw.  Weighted Error Value: White=0.06 (flawless) /Black=0.06 (flawless)} 1/2-1/2

[Event "GER-ch Youth-ODJM 2022 A"]
[Site "Willingen"]
[Date "2022.06.10"]
[Round "8.21"]
[White "Sabirov, Rafael"]
[Black "Gallasch, Robin"]
[Result "1/2-1/2"]
[ECO "B12"]
[WhiteElo "1704"]
[BlackElo "2063"]
[Annotator "TA"]
[PlyCount "98"]
[EventDate "2022.06.05"]
[EventType "swiss"]
[EventRounds "9"]
[EventCountry "GER"]
[SourceTitle "playchess.com"]
[Source "ChessBase"]
[SourceQuality "1"]
[TimeControl "40/4500+30:900+30"]

1. e4 c6 2. d4 d5 3. f3 dxe4 4. fxe4 e5 5. Nf3 Bg4 6. c3 {[%emt 0:00:00] B12: Caro-Kann: Advance Variation.} Nd7 7. Be2 Bd6 8. Nbd2 Ngf6 9. Nc4 Bc7 (9... Nxe4 $2 10. Ng5 $1 Bxe2 11. Qxe2 $18) 10. Nfxe5 {[%emt 0:00:00] [#]} (10. Ncxe5 {feels hotter.} Nxe5 11. Nxe5 Be6 12. Bf4) 10... Nxe5 $146 ({Predecessor:} 10... Bxe2 11. Qxe2 Nxe5 12. dxe5 Nd7 13. Bf4 g5 14. Bg3 h5 15. O-O-O Qe7 16. e6 Nb6 17. Bxc7 Qxc7 18. Nd6+ {1-0 (18) Kummerow,H (2321)-Shishkov,M (1644) Oberhausen 2011}) 11. Nxe5 (11. dxe5 {is interesting.} Bxe2 12. Qxe2 Nd7 13. Bf4) 11... Bxe2 (11... Be6 $1 $11) 12. Qxe2 $16 Bxe5 {[%emt 0:07:54][%mdl 64] Remove Defender} 13. dxe5 Nd7 {[%emt 0:00:05] [#]} 14. e6 $1 fxe6 15. O-O Qe7 16. Qh5+ g6 17. Qg5 ({White should play} 17. Qh6 $16 O-O-O 18. Bg5 Qc5+ 19. Be3) 17... Qxg5 $11 18. Bxg5 Rf8 19. Rfd1 Rf7 (19... e5 $14) 20. Rd6 $16 Nf8 21. Rad1 {[%emt 0:02:57] White threatens Rd8+ and mate.} Rd7 {[%emt 0:01:18] Against Rd8+} 22. e5 {[%emt 0:01:01] White is much more active. The black rooks are badly placed.} Rc8 23. Kf2 Rcc7 $1 24. Bh6 Rxd6 25. Rxd6 $11 {[%emt 0:01:08][%mdl 4096] Endgame KRB-KRN} Re7 (25... Rf7+ $11 {remains equal.} 26. Kg3 Rf5) 26. Ke2 Kf7 27. a4 a6 28. Rd8 Re8 29. Rxe8 ({Better is} 29. Rd1 $18) 29... Kxe8 $14 30. Bxf8 Kxf8 $18 {[%emt 0:00:05] KP-KP} 31. Kd3 Ke7 32. Kc4 {[%emt 0:01:10] And now Kc5 would win.} Kd7 33. Kc5 {[%emt 0:02:34] Black must now prevent Kb6.} Kc7 34. a5 Kd7 35. Kb6 Kc8 36. Kc5 Kd7 37. Kb6 Kc8 38. c4 Kb8 39. b3 Kc8 40. b4 g5 {[%emt 0:02:57] The position is equal.} 41. b5 axb5 42. cxb5 cxb5 43. Kxb5 {[%emt 0:00:09] aiming for a6.} Kc7 44. Kc5 h5 45. Kb5 $1 Kd7 46. Kb6 Kc8 47. a6 bxa6 48. Kxa6 {[%emt 0:00:12] Threatening mate with Kb6.} Kc7 {[%emt 0:00:00] Strongly threatening ...Kc6.} 49. Kb5 {[%emt 0:00:12] Intending Kc5 and mate.} Kb7 $1 {[%emt 0:00:00] Weighted Error Value: White=0.19 (very precise) /Black=0.19 (very precise)} 1/2-1/2

[Event "GER-ch Youth-ODJM 2022 A"]
[Site "Willingen"]
[Date "2022.06.10"]
[Round "8.22"]
[White "Schulz, Jannis"]
[Black "Fock, Amina"]
[Result "1/2-1/2"]
[ECO "D02"]
[WhiteElo "1810"]
[BlackElo "1790"]
[Annotator "NA RC COMBH"]
[PlyCount "73"]
[EventDate "2022.06.05"]
[EventType "swiss"]
[EventRounds "9"]
[EventCountry "GER"]
[SourceTitle "playchess.com"]
[Source "ChessBase"]
[SourceQuality "1"]
[TimeControl "40/4500+30:900+30"]

1. d4 Nf6 2. Nf3 d5 3. Bf4 e6 4. e3 c5 5. dxc5 Bxc5 6. c3 O-O 7. Bd3 Bd6 8. Bxd6 Qxd6 9. Nbd2 e5 10. e4 dxe4 11. Nxe4 Nxe4 12. Bxe4 Qe7 13. O-O Nd7 14. Qc2 (14. Bc2 $14) 14... Nf6 15. Rfe1 Nxe4 16. Qxe4 f6 17. b3 Be6 18. c4 Rfd8 19. Rad1 a6 20. Nd4 Bf7 21. Nf5 Qb4 22. Ne3 b5 23. Rc1 Rac8 24. h3 bxc4 25. Nxc4 Bxc4 26. Rxc4 Rxc4 27. bxc4 Rd4 28. Qa8+ $11 Kf7 29. Re3 Qxc4 30. Qb7+ Ke6 31. Qxg7 Rd1+ 32. Kh2 Qf4+ 33. Rg3 Rd7 (33... h6 $11 {should be considered.}) 34. Qg8+ Kd6 35. Qb3 Ke7 36. Qa3+ Rd6 37. Kg1 1/2-1/2

[Event "GER-ch Youth-ODJM 2022 A"]
[Site "Willingen"]
[Date "2022.06.11"]
[Round "9.1"]
[White "Roth, Jonas"]
[Black "Fröhlich, Niklas"]
[Result "1-0"]
[ECO "A45"]
[WhiteElo "1239"]
[BlackElo "1242"]
[Annotator "NA RC COMBH"]
[PlyCount "85"]
[EventDate "2022.06.05"]
[EventType "swiss"]
[EventRounds "9"]
[EventCountry "GER"]
[SourceTitle "playchess.com"]
[Source "ChessBase"]
[SourceQuality "1"]
[TimeControl "40/4500+30:900+30"]

1. d4 Nf6 2. Nc3 g6 3. e4 Bg7 4. Bg5 d6 5. e5 dxe5 6. dxe5 Ng4 7. Qxd8+ Kxd8 8. Rd1+ Nd7 9. e6 fxe6 10. Bc4 Rf8 11. Nf3 h6 12. Bc1 e5 13. O-O c6 14. Ne4 Ke8 15. Nh4 Ndf6 16. Nc3 Nh5 17. h3 g5 18. hxg4 Nf4 19. Nf5 Bxf5 20. gxf5 Rxf5 21. Bxf4 exf4 22. Rd3 g4 23. Be6 Rg5 24. f3 gxf3 25. Rdxf3 Bd4+ 26. Kh1 Rd8 27. Rxf4 Bg7 28. Bh3 e5 29. Rg4 Rxg4 30. Bxg4 Rd2 31. Bf5 Rd4 32. g4 Rf4 33. Rxf4 exf4 34. Kg2 Kf7 35. Kf3 Be5 36. Nd1 Kf6 37. Be4 Kg5 38. b3 Bd4 39. a4 a5 40. Bf5 b6 41. Bd7 c5 42. Nf2 Be3 43. Nh3+ 1-0

[Event "GER-ch Youth-ODJM 2022 A"]
[Site "Willingen"]
[Date "2022.06.11"]
[Round "9.2"]
[White "Akcapinar, Timur"]
[Black "Jansen, Malte"]
[Result "1-0"]
[ECO "C54"]
[WhiteElo "1278"]
[BlackElo "1391"]
[Annotator "NA RC COMBH"]
[PlyCount "43"]
[EventDate "2022.06.05"]
[EventType "swiss"]
[EventRounds "9"]
[EventCountry "GER"]
[SourceTitle "playchess.com"]
[Source "ChessBase"]
[SourceQuality "1"]
[TimeControl "40/4500+30:900+30"]

1. e4 e5 2. Nf3 Nc6 3. Bc4 Bc5 4. c3 Nf6 5. d3 d6 6. a4 a6 7. O-O O-O 8. Nbd2 Be6 9. Re1 Qd7 10. Nf1 Bxc4 11. dxc4 Ne7 12. Bg5 Qe6 13. Nh4 Ng4 14. Re2 f6 15. Bc1 Qxc4 16. Ng3 Rad8 17. h3 Nxf2 18. Rxf2 Bxf2+ 19. Kxf2 d5 20. Qg4 dxe4 21. Nxe4 f5 22. Nf6+ 1-0

[Event "GER-ch Youth-ODJM 2022 A"]
[Site "Willingen"]
[Date "2022.06.11"]
[Round "9.5"]
[White "Gauer, Liam"]
[Black "Ginschel, Leonhard"]
[Result "0-1"]
[ECO "D00"]
[WhiteElo "1028"]
[BlackElo "1236"]
[Annotator "NA RC COMBH"]
[PlyCount "94"]
[EventDate "2022.06.05"]
[EventType "swiss"]
[EventRounds "9"]
[EventCountry "GER"]
[SourceTitle "playchess.com"]
[Source "ChessBase"]
[SourceQuality "1"]
[TimeControl "40/4500+30:900+30"]

1. d4 d5 2. Bf4 Nf6 3. Nc3 e6 4. e3 c5 5. dxc5 Bxc5 6. Nb5 Na6 7. Nf3 O-O 8. Be5 Bd7 9. Nd6 Bc6 10. Nb5 Bxb5 11. Bxf6 gxf6 12. Bd3 Bxd3 13. Qxd3 Nb4 14. Qc3 Be7 15. Qd2 Rc8 16. c3 Nc6 17. O-O Kh8 18. Nd4 Nxd4 19. Qxd4 a6 20. g3 Rg8 21. Rfd1 Qd6 22. Kf1 Qc5 23. Qxc5 Rxc5 24. e4 Rd8 25. Ke2 Kg7 26. Rd3 dxe4 27. Rxd8 Bxd8 28. Rd1 Rd5 29. Rxd5 exd5 30. f3 f5 31. b4 Bb6 32. a4 Kf6 33. h3 e3 34. f4 Ke6 35. g4 fxg4 36. hxg4 f5 37. g5 Kd6 38. Kd3 d4 39. cxd4 Kd5 40. Kxe3 Bxd4+ 41. Kd3 Bf2 42. Ke2 Bg3 43. Kf3 Be1 44. b5 axb5 45. axb5 Kd4 46. Ke2 Bb4 47. Kf3 Bd6 0-1

[Event "GER-ch Youth-ODJM 2022 A"]
[Site "Willingen"]
[Date "2022.06.11"]
[Round "9.6"]
[White "Löffelholz, Simon"]
[Black "Hapke, Marvin"]
[Result "1/2-1/2"]
[ECO "B01"]
[WhiteElo "1044"]
[BlackElo "1262"]
[Annotator "NA RC COMBH"]
[PlyCount "41"]
[EventDate "2022.06.05"]
[EventType "swiss"]
[EventRounds "9"]
[EventCountry "GER"]
[SourceTitle "playchess.com"]
[Source "ChessBase"]
[SourceQuality "1"]
[TimeControl "40/4500+30:900+30"]

1. e4 d5 2. exd5 Nf6 3. d4 Nxd5 4. c4 Nf6 5. Nf3 Bf5 6. Nc3 c6 7. Be3 e6 8. Bd3 Bxd3 9. Qxd3 Nbd7 10. Rb1 Qc7 11. b4 Rd8 12. c5 e5 13. O-O Be7 14. Qc4 b6 15. Ng5 O-O 16. f4 e4 17. Ncxe4 Nd5 18. Qd3 Rfe8 19. Nd6 Bxg5 20. Nxe8 Rxe8 21. Rbe1 1/2-1/2

[Event "GER-ch Youth-ODJM 2022 A"]
[Site "Willingen"]
[Date "2022.06.11"]
[Round "9.7"]
[White "Aguike, Chidera"]
[Black "Menne, Lukas"]
[Result "1/2-1/2"]
[ECO "B01"]
[WhiteElo "1266"]
[BlackElo "1150"]
[Annotator "NA RC COMBH"]
[PlyCount "96"]
[EventDate "2022.06.05"]
[EventType "swiss"]
[EventRounds "9"]
[EventCountry "GER"]
[SourceTitle "playchess.com"]
[Source "ChessBase"]
[SourceQuality "1"]
[TimeControl "40/4500+30:900+30"]

1. e4 d5 2. exd5 Qxd5 3. Nc3 Qa5 4. Nf3 c6 5. Be2 Nf6 6. O-O Bf5 7. d3 e6 8. a3 Nbd7 9. Bf4 Be7 10. Nd2 Nd5 11. Nxd5 cxd5 12. Nb3 Qd8 13. d4 O-O 14. Bd3 Bxd3 15. Qxd3 Nf6 16. Qb5 Qd7 17. Qxd7 Nxd7 18. Rfc1 b6 19. c4 Nf6 20. Bg5 h6 21. Bh4 g5 22. Bg3 Ne4 23. cxd5 Nxg3 24. hxg3 exd5 25. Rc7 Bf6 26. Rac1 a5 27. a4 b5 28. axb5 a4 29. Nc5 Bxd4 30. b4 a3 31. Nb3 a2 32. Na1 Rfe8 33. Rd7 Bc3 34. Kh2 Re1 35. Rxe1 Bxe1 36. Rxd5 Rc8 37. Rd1 Bxb4 38. Nb3 Rc2 39. b6 Rc8 40. Ra1 Rb8 41. Rxa2 Rxb6 42. Nd4 Bc5 43. Nf5 Rf6 44. Ne3 Bxe3 45. fxe3 Re6 46. Re2 Kg7 47. g4 Re5 48. Kg3 f5 1/2-1/2

[Event "GER-ch Youth-ODJM 2022 A"]
[Site "Willingen"]
[Date "2022.06.11"]
[Round "9.8"]
[White "Schöne, Finn"]
[Black "Lau, Lars"]
[Result "1/2-1/2"]
[ECO "A43"]
[WhiteElo "1110"]
[BlackElo "929"]
[Annotator "NA RC COMBH"]
[PlyCount "152"]
[EventDate "2022.06.05"]
[EventType "swiss"]
[EventRounds "9"]
[EventCountry "GER"]
[SourceTitle "playchess.com"]
[Source "ChessBase"]
[SourceQuality "1"]
[TimeControl "40/4500+30:900+30"]

1. d4 c5 2. d5 Nf6 3. Nc3 e6 4. e4 a6 5. Nf3 d6 6. Bg5 Nbd7 7. Bc4 e5 8. Qd3 Be7 9. O-O-O b5 10. Bxb5 axb5 11. Nxb5 Ba6 12. Bxf6 Bxf6 13. Nxd6+ Ke7 14. Nf5+ Kf8 15. Qc3 g6 16. Nd6 Kg7 17. g3 Be2 18. Rde1 Bxf3 19. Qxf3 Qb8 20. Nc4 Rxa2 21. Qc3 Bg5+ 22. Kb1 Qa7 23. Na3 Rxb2+ 24. Kxb2 Rb8+ 25. Ka2 Be7 26. Rb1 Ra8 27. Rhe1 c4 28. Re3 Bc5 29. Rf3 Bd4 30. Qxc4 Nb6 31. Qb3 Na4 32. d6 Nc3+ 33. Rxc3 Bxc3 34. Qxc3 Kg8 35. Kb2 Rb8+ 36. Kc1 Rd8 37. Nb5 Qxf2 38. Qc7 Qf1+ 39. Kb2 Qxb5+ 40. Kc1 Qf1+ 41. Kd2 Qf2+ 42. Kc3 Qd4+ 43. Kb3 Qe3+ 44. Kb2 Qd4+ 45. Kc1 Qg1+ 46. Kb2 Qd4+ 47. c3 Qd2+ 48. Kb3 Qxd6 49. Qxd6 Rxd6 50. c4 Rb6+ 51. Kc2 Rc6 52. Rb8+ Kg7 53. Kc3 f5 54. exf5 gxf5 55. Rb5 Kf6 56. c5 f4 57. gxf4 exf4 58. Kd4 Re6 59. Rb6 f3 60. Rxe6+ Kxe6 61. Ke3 Kd5 62. Kxf3 Kxc5 63. Kg4 Kd6 64. Kg5 Ke5 65. h4 Ke6 66. Kh6 Kf6 67. Kxh7 Kf7 68. h5 Kf8 69. Kg6 Kg8 70. Kg5 Kh7 71. Kg4 Kh6 72. Kh4 Kh7 73. Kg5 Kg7 74. h6+ Kh7 75. Kh5 Kg8 76. Kg6 Kh8 1/2-1/2

[Event "GER-ch Youth-ODJM 2022 A"]
[Site "Willingen"]
[Date "2022.06.11"]
[Round "9.9"]
[White "Nguyen, Phuc Nhat"]
[Black "Köhler, Lukas"]
[Result "1/2-1/2"]
[ECO "B38"]
[WhiteElo "1809"]
[BlackElo "2099"]
[Annotator "TA"]
[PlyCount "43"]
[EventDate "2022.06.05"]
[EventType "swiss"]
[EventRounds "9"]
[EventCountry "GER"]
[SourceTitle "playchess.com"]
[Source "ChessBase"]
[SourceQuality "1"]
[TimeControl "40/4500+30:900+30"]

1. e4 c5 2. Nf3 g6 3. d4 cxd4 4. Nxd4 Bg7 5. c4 Nc6 6. Be3 Nf6 7. Nc3 d6 8. Be2 O-O 9. Nc2 a5 10. O-O Bd7 11. f3 {[%emt 0:09:16] B38: Sicilian: Maroczy Bind with 5...Bg7 and 7...0-0.} Nb4 {[%emt 0:04:33][%cal Bc6b4,Bb4a6,Ba6c5][%mdl 32] was the old line (11...a4).} 12. Nd4 Na6 13. Qd2 Nc5 14. b3 {[%emt 0:07:10] [#]} Ne8 $146 (14... Qb8 15. Rab1 Rc8 16. Rfd1 h5 17. Ndb5 Kh7 18. Kh1 Be8 19. Bg5 Ne6 20. Be3 Nc5 21. Bg5 Ne6 22. Be3 Nc5 23. Bg5) ({Predecessor:} 14... Qb8 15. Rab1 Rc8 16. Rfd1 h5 17. Ndb5 Kh7 18. Kh1 Be8 19. Bg5 Ne6 20. Be3 Nc5 21. Bg5 Ne6 22. Be3 Nc5 23. Bg5 {½-½ (21) Mahia,G (2375)-Rodriguez Vila,A (2427) Villa Martelli 2014}) 15. Rac1 {[%emt 0:02:59] White is more active.} Nc7 16. Rfd1 Kh8 17. Nc2 N7a6 18. Nd5 Bc6 19. Bd4 ({White should try} 19. Nd4 $16) 19... Bxd5 20. Bxg7+ {[%emt 0:00:33] White is better.} (20. cxd5 Bxd4+ 21. Nxd4 (21. Qxd4+ Kg8)) 20... Kxg7 21. cxd5 Nc7 22. Ne3 {[%emt 0:04:13] Weighted Error Value: White=0.10 (very precise) /Black=0.16 (very precise)} ({Resist} 22. b4 axb4 23. Nxb4 Kg8 $11) 1/2-1/2

[Event "GER-ch Youth-ODJM 2022 A"]
[Site "Willingen"]
[Date "2022.06.11"]
[Round "9.10"]
[White "Gerlach, Felix"]
[Black "Irkilmez, Yakub"]
[Result "1/2-1/2"]
[ECO "D00"]
[WhiteElo "2072"]
[BlackElo "2169"]
[Annotator "TA"]
[PlyCount "42"]
[EventDate "2022.06.05"]
[EventType "swiss"]
[EventRounds "9"]
[EventCountry "GER"]
[SourceTitle "playchess.com"]
[Source "ChessBase"]
[SourceQuality "1"]
[TimeControl "40/4500+30:900+30"]

1. d4 d5 2. Bf4 Bf5 3. c4 e6 4. Nc3 c6 5. e3 Nf6 6. Nf3 Bd6 7. Bxd6 Qxd6 8. Bd3 Bxd3 9. Qxd3 O-O 10. O-O Nbd7 11. h3 {[%emt 0:00:32] D02: 1 d4 d5 2 Nf3 sidelines, including 2...Nf6 3 g3 and 2...Nf6 3 Bf4.} Rfe8 12. Rfd1 Rad8 {[%emt 0:06:57] [#]} 13. Rac1 $146 ({Predecessor:} 13. e4 dxc4 14. Qxc4 Nb6 15. Qe2 Qf8 16. e5 Nfd5 17. Ne4 Re7 18. Re1 Rc7 19. Rad1 {1-0 (31) Orlov,P (2313)-Kolev,V (2013) Plovdiv 2006}) 13... dxc4 14. Qxc4 Nd5 15. Nxd5 exd5 {[%emt 0:01:09] The position is equal.} 16. Qb3 Nb6 17. Ne5 Qe7 18. Nd3 Nc4 19. Qc2 h6 20. b4 a6 21. a4 Nd6 {[%emt 0:00:31] Weighted Error Value: White=0.07 (flawless) /Black=0.05 (flawless)} 1/2-1/2